 Dungeon Crawl Stone Soup version 0.26-a0-712-ga5a9c9c9d0 (webtiles) character file.

Game seed: 1372901130518207680

51 kae the Ruffian (level 3, 0/31 HPs)
             Began as a Naga Transmuter on Nov 5, 2020.
             Slain by an orc
             ... wielding a +0 flail
              (1 damage)
             ... on level 4 of the Dungeon.
             The game lasted 00:01:13 (1626 turns).

kae the Ruffian (Naga Transmuter)                   Turns: 1626, Time: 00:01:13

Health: 0/31       AC:  2    Str: 13    XL:     3   Next: 83%
Magic:  2/6        EV: 10    Int: 13    God:
Gold:   89         SH:  0    Dex: 11    Spells: 2/6 levels left

rFire    . . .     SeeInvis +     - Unarmed
rCold    . . .     Faith    .   (no shield)
rNeg     . . .     Spirit   .   a - +0 robe
rPois    +         Reflect  .   (helmet currently unavailable)
rElec    .         Harm     .   (no cloak)
rCorr    .         Rampage  .   (no gloves)
MR       .....                  (no barding)
Stlth    +.........             (no amulet)
HPRegen  0.10/turn              (no ring)
MPRegen  0.10/turn              (no ring)

@: appendages, very slow
A: large, horns 2, see invisible, deformed body, poison resistance, slowness 2,
spit poison 1, AC +1
a: Spit Poison, End Transformation


You were on level 4 of the Dungeon.
You had grown temporary horns.
You visited 1 branch of the dungeon, and saw 3 of its levels.

You collected 89 gold pieces.

Inventory:

Armour
 a - a +0 robe (worn)
Jewellery
 i - an uncursed ring of protection from cold {unknown}
Scrolls
 b - 3 scrolls of remove curse {unknown}
 c - 2 scrolls of teleportation {unknown}
 d - a scroll of amnesia {unknown}
 f - a scroll of immolation {unknown}
 h - 2 scrolls of blinking {unknown}
Potions
 e - a potion of cancellation {unknown}
 g - a potion of brilliance {unknown}


   Skills:
 - Level 1.0 Fighting
 - Level 1.5 Dodging
 + Level 3.5 Unarmed Combat
 + Level 2.1 Spellcasting
 * Level 3.2 Transmutations
 * Level 1.1 Poison Magic


You had 2 spell levels left.
You knew the following spells:

 Your Spells              Type           Power        Failure   Level
a - Beastly Appendage     Tmut           #.....       7%          1
b - Spider Form           Tmut/Pois      #.........   30%         3

Your spell library contained the following spells:

 Spells                   Type           Power        Failure   Level
 Wereblood                Tmut           #.......     10%         2
 Ice Form                 Ice/Tmut       #.......     77%         4
 Blade Hands              Tmut           #.........   88%         5


Dungeon Overview and Level Annotations

Branches:
Dungeon (2/15)

Altars:
Uskayaw


Innate Abilities, Weirdness & Mutations

You cannot wear boots.
Your serpentine skin is tough. (AC +1)
You have supernaturally acute eyesight. (SInv)
Armour fits poorly on your strangely shaped body.
Your system is resistant to poisons. (rPois)
You cover ground very slowly.
You can spit poison.
You have a pair of horns on your head.


Message History

* * * LOW HITPOINT WARNING * * *
You hit the orc.
The orc is heavily wounded.
You have got your breath back.
The orc hits you with a +0 flail.
* * * LOW HITPOINT WARNING * * *
You hit the orc.
The orc is almost dead.
Okay, then.
You hit the orc but do no damage.
The orc is almost dead.
The orc hits you with a +0 flail.
* * * LOW HITPOINT WARNING * * *
You barely miss the orc. You headbutt the orc, but do no damage.
The orc is almost dead.
The orc hits you but does no damage.
You hit the orc but do no damage.
The orc is almost dead.
The orc hits you with a +0 flail.
You die...

#.# #.# #.
#.# .. #.#
#.# #.#
#.# #.#
#.# #.#
##.#####.#
#...o@...#
#...######
#...#
#...#
#...#
.....:#
#o###.#.#
#.#.#
..>.#


You could see an orc.

Vanquished Creatures
  An adder (D:4)
  A worm (D:2)
  2 dart slugs (D:1)
  A leopard gecko (D:1)
  4 orcs (D:4)
  4 bats (D:1)
  3 giant cockroaches (D:1)
  2 goblins
  A hobgoblin (D:1)
  2 kobolds
  A ball python (D:1)
  4 frilled lizards
  6 rats
32 creatures vanquished.

Notes
Turn   | Place    | Note
-------+----------+-------------------------------------------
     0 | D:1      | kae the Naga Transmuter began the quest for the Orb.
     0 | D:1      | Reached XP level 1. HP: 18/18 MP: 3/3
   163 | D:1      | Reached XP level 2. HP: 23/25 MP: 3/5
   991 | D:1      | Reached XP level 3. HP: 31/31 MP: 4/6
  1000 | D:1      | Learned a level 3 spell: Spider Form
  1422 | D:2      | You fall into a shaft and drop 2 floors!
  1481 | D:4      | Found a hide-covered altar of Uskayaw.
  1578 | D:4      | Reached skill level 1 in Poison Magic
  1624 | D:4      | HP: 1/31 [orc/+0 flail (4)]
  1626 | D:4      | Slain by an orc

Illustrated notes

Levels and vault maps discovered:
D:1:      dpeg_arrival_line_fractal, layout_basic
D:2:      layout_loops_corners, nemelex_xobeh_ov_fountains_minmay
D:4:      layout_loops_ring, lemuel_crystal_altar, serial_shops, kennysheep_mini

Skill      XL: |  1  2  3 |
---------------+----------+-----
Transmutations | 3 |  3.2
Poison Magic   | 1 |  1.1
Fighting       | |  1.0
Dodging        | |  1.5
Unarmed Combat | |  3.5
Spellcasting   | |  2.1

Action                   || total
-------------------------++-------
Melee: Unarmed           ||    65
       Headbutt          ||     7
       Punch             ||     1
 Cast: Beastly Appendage ||    21
       Spider Form       ||     3
 Abil: Spit Poison       ||    23
 Stab: Sleeping          ||     1
Armor: Robe              ||    15
Dodge: Dodged            ||    48

Table legend: (Time is in decaauts)
 A = Elapsed time spent in this place.
 B = Non-inter-level travel time spent in this place.
 C = Inter-level travel time spent in this place.
 D = Time resting spent in this place.
 E = Time spent auto-exploring this place.
 F = Levels seen in this place.
 G = Mean time per level.
                   A        B        C        D        E       F      G
               +--------+--------+--------+--------+--------+-----+--------+
         Total |   2000 |   1935 |     65 |      0 |   1677 |   3 |  666.7 |
       Dungeon |   2000 |   1935 |     65 |      0 |   1677 |   3 |  666.7 |
               +--------+--------+--------+--------+--------+-----+--------+

Top non-repeatable levels by time:
     D:1: 1515 daAuts
     D:4: 242 daAuts
     D:2: 242 daAuts
